 Dungeon Crawl Stone Soup version 0.30-a0-748-ge6a52f7cba (webtiles) character file.

Game seed: 9220793255842250949

5 cforsyth the Caller (level 1, -2/10 HPs)
             Began as a Tengu Summoner on Feb 9, 2023.
             Slain by a quokka (4 damage)
             ... on level 1 of the Dungeon.
             The game lasted 00:00:21 (121 turns).

cforsyth the Caller (Tengu Summoner)                 Turns: 121, Time: 00:00:21

Health: -2/10      AC:  2    Str:  8    XL:     1   Next: 80%
Magic:  2/4        EV: 12    Int: 15    God:
Gold:   7          SH:  0    Dex: 14    Spells: 3/4 levels left

rFire   . . .      SeeInvis .    (no weapon)
rCold   . . .      Faith    .    (no shield)
rNeg    . . .      Spirit   .    a - +0 robe
rPois   .          Reflect  .    (helmet restricted)
rElec   .          Harm     .    (no cloak)
rCorr   .          Rampage  .    (no gloves)
Will    .....                    (boots unavailable)
Stlth   ++                       (no amulet)
HPRegen 0.21/turn                (no ring)
MPRegen 0.09/turn                (no ring)

@: no status effects
A: beak, talons 3
a: no special abilities


You were on level 1 of the Dungeon.
You visited 1 branch of the dungeon, and saw 1 of its levels.

You collected 7 gold pieces.

Inventory:

Armour
 a - a +0 robe (worn)
Potions
 b - a potion of magic


   Skills:
 - Level 2.1 Dodging
 - Level 2.0 Stealth
 + Level 2.2 Spellcasting
 + Level 5.0 Summonings


You had 3 spell levels left.
You knew the following spells:

 Your Spells              Type           Power      Damage    Failure   Level
a - Summon Small Mammal   Summ           64%        N/A       2%          1

Your spell library contained the following spells:

 Spells                   Type           Power      Damage    Failure   Level
 Call Imp                 Summ           16%        N/A       4%          2
 Call Canine Familiar     Summ           16%        N/A       9%          3
 Summon Guardian Golem    Hex/Summ       9%         N/A       24%         3
 Summon Lightning Spire   Summ/Air       9%         N/A       61%         4


Dungeon Overview and Level Annotations

Branches:
Dungeon (1/15)

Altars:


Innate Abilities, Weirdness & Mutations

You have a beak for a mouth.
You have claws for feet.


Message History

You hit the hobgoblin.
The hobgoblin is almost dead.
Your bat hits the hobgoblin but does no damage.
The dart slug launches a dart at you. The slug dart hits you.
The hobgoblin hits you.
You hit the hobgoblin.
You kill the hobgoblin!
Your bat hits the dart slug but does no damage.
The dart slug misses your quokka.
Your magical contamination has completely faded away.
Your quokka bites the dart slug but does no damage.
Your quokka bites the dart slug.
Your bat hits the dart slug but does no damage.
The dart slug closely misses your quokka.
Your quokka bites the dart slug.
Your quokka bites the dart slug.
The dart slug dies!
Your Summonings skill increases to level 5!
Your bat disappears in a puff of smoke!
HP restored.
Your quokka disappears in a puff of smoke!
Magic restored.
An endoplasm and a quokka come into view.
There are monsters nearby!
Found a stone staircase leading down.
The endoplasm quivers.
You hit the quokka. Your kick misses the quokka.
The quokka is moderately wounded.
The quokka bites you.
Your quokka bites the quokka but does no damage.
The quokka bites you.
Ouch! That really hurt!
* * * LOW HITPOINT WARNING * * *
You are too injured to fight recklessly!
You are too injured to fight recklessly!
You barely miss the quokka. You claw the quokka.
The quokka is heavily wounded.
Your quokka barely misses the quokka.
Your quokka misses the quokka. The quokka bites you.
You die...

..............##
###....#......##.#
#...#.........>#.#
.........>.....#.#######
.###....................
.###.####..####.........
..#....##.## #.........
.......##.#####.r.J.....
.......#..#.....@r......
............####.r......
.#...........# ##.######
...............# .#
###....####.##.# ..
#....# #....# ..> #.#..#
####.. .... ...#..
...... 8##..#..


You could see an endoplasm, a quokka (ally target) and 2 friendly quokkas.

Vanquished Creatures
  A hobgoblin (D:1)
1 creature vanquished.

Vanquished Creatures (collateral kills)
  A dart slug (D:1)
  A bat (D:1)
2 creatures vanquished.

Grand Total: 3 creatures vanquished

Notes
Turn   | Place    | Note
-------+----------+-------------------------------------------
     0 | D:1      | cforsyth the Tengu Summoner began the quest for the Orb.
     0 | D:1      | Reached XP level 1. HP: 10/10 MP: 4/4
    74 | D:1      | Reached skill level 5 in Summonings
   121 | D:1      | Slain by a quokka

Illustrated notes

Levels and vault maps discovered:
D:1:      lightli_arrival_maybe_door_vault, layout_rooms,
          ebering_ecumenical_altar_hall

Skill      XL: |  1 |
---------------+----+-----
Summonings     | 5 |  5.0
Dodging        | |  2.1
Stealth        | |  2.0
Spellcasting   | |  2.2

Action                     || total
---------------------------++-------
  Melee: Unarmed           ||     6
         Kick              ||     2
   Cast: Summon Small Mamm ||     7
   Stab: Distracted        ||     1
 Armour: Robe              ||     2
  Dodge: Dodged            ||     1

Table legend: (Time is in decaauts)
 A = Elapsed time spent in this place.
 B = Non-inter-level travel time spent in this place.
 C = Inter-level travel time spent in this place.
 D = Time resting spent in this place.
 E = Time spent auto-exploring this place.
 F = Levels seen in this place.
 G = Mean time per level.
                   A        B        C        D        E       F      G
               +--------+--------+--------+--------+--------+-----+--------+
         Total |    121 |    121 |      0 |      0 |     64 |   1 |  121.0 |
       Dungeon |    121 |    121 |      0 |      0 |     64 |   1 |  121.0 |
               +--------+--------+--------+--------+--------+-----+--------+

Top non-repeatable levels by time:
     D:1: 121 daAuts
